 Dungeon Crawl Stone Soup version 0.22-a0-482-g76e0a5f (webtiles) character file.

98 stealthycow the Skirmisher (level 4, 0/29 HPs)
             Began as a Gargoyle Fighter on June 17, 2018.
             Slain by a killer bee (6 damage)
             ... on level 3 of the Dungeon.
             The game lasted 00:05:13 (2134 turns).

stealthycow the Skirmisher (Gargoyle Fighter)       Turns: 2134, Time: 00:05:14

Health: 0/29       AC: 11    Str: 21    XL:     4   Next: 71%
Magic:  4/4        EV:  7    Int:  8    God:
Gold:   159        SH:  9    Dex:  9    Spells: 3/3 levels left

rFire    . . .     SeeInvis .   l - +0 whip (drain)
rCold    . . .     Gourm    .   c - +0 shield
rNeg     + . .     Faith    .   b - +0 scale mail
rPois    ∞         Spirit   .   p - +1 hat
rElec    +         Reflect  .   h - scarf {cloud immunity}
rCorr    .         Harm     .   (no gloves)
MR       .....                  (no boots)
Stlth    ..........             (no amulet)
HPRegen  0.09/turn              (no ring)
MPRegen  0.09/turn              (no ring)

@: no status effects
A: negative energy resistance 1, electricity resistance, unbreathing,
petrification resistance, rot immunity, AC +3
a: no special abilities


You were on level 3 of the Dungeon.
You were not hungry.

You visited 1 branch of the dungeon, and saw 4 of its levels.

You collected 159 gold pieces.

Inventory:

Hand Weapons
 l - a +0 whip of draining (weapon)
 r - a +0 mace
Missiles
 i - 3 tomahawks (quivered)
Armour
 b - a +0 scale mail (worn)
 c - a +0 shield (worn)
 h - a scarf of cloud immunity (worn)
 p - a +1 hat (worn)
Scrolls
 a - 2 scrolls of remove curse {unknown}
 e - 2 scrolls of enchant weapon {unknown}
 g - 2 scrolls of teleportation {unknown}
 m - 4 scrolls of identify {unknown}
 q - a scroll of magic mapping {unknown}
 s - a scroll of blinking {unknown}
 t - a scroll of immolation {unknown}
 u - a scroll of fog {unknown}
Potions
 d - a potion of might
 j - 2 potions of curing {unknown}
 n - a potion of degeneration {unknown}
 o - a potion of cancellation {unknown}
 v - a potion of haste {unknown}
 w - 2 potions of agility {unknown}
Comestibles
 f - 6 rations
 k - a chunk of flesh


   Skills:
 + Level 3.9 Fighting
 * Level 3.3 Maces & Flails
 + Level 3.9 Armour
 + Level 3.8 Shields


You had 3 spell levels left.
You didn't know any spells.
Your spell library was empty.

Dungeon Overview and Level Annotations

Branches:
Dungeon (4/15)
 Temple: D:4-7

Altars:
Trog

Annotations:
D:4 Edmund


Innate Abilities, Weirdness & Mutations

You are resistant to torment.
Your stone body is resilient. (AC +3)
You are immune to poison.
You resist negative energy. (rN+)
You are resistant to electric shocks. (rElec)
You can survive without breathing.
You are immune to petrification.
You are immune to rotting.


Message History

* * * LOW HITPOINT WARNING * * *
The killer bee completely misses you. The dart slug launches a dart at you.
The slug dart misses you.
You hit the killer bee.
The killer bee is severely wounded.
The killer bee stings you but does no damage.
You block the killer bee's attack. x2; The killer bee stings you.
* * * LOW HITPOINT WARNING * * *
A hound comes into view.
You can't go down here!
The hound barks!
The killer bee barely misses you.
The killer bee stings you but does no damage. x3
You block the dart slug's attack.
Some of the chunks of flesh in your inventory have rotted away.
You climb upwards.
The killer bee barely misses you. x2
The killer bee stings you but does no damage.
The killer bee stings you.
You die...

... .... ... ...# #
#.# ...# # .##.# ..)#
###### #. ...# ...#
### .....# ..
#.##..###.###.##
####.#
#.#.##.y.y.....##...##
####.## #..g.y.w@y.#
##.....#### ......#
#######y.y.#
#....<..... ####..#
#.....# ##.....####
####..# #.....#
##...## .>....#
#.....# ##÷######
#####.### ##...##
#....... ........#
#...# #.......
##......# #...#
#...###. ##..#...##
#...# #.....#.


You could see 6 killer bees, a dart slug and a hobgoblin.

Vanquished Creatures
  3 adders (D:2)
  A worm (D:2)
  3 dart slugs
  A leopard gecko (D:1)
  8 bats
  5 giant cockroaches
  6 goblins
  11 hobgoblins
  9 kobolds
  8 frilled lizards
  5 rats
60 creatures vanquished.

Notes
Turn   | Place    | Note
-------+----------+-------------------------------------------
     0 | D:1      | stealthycow the Gargoyle Fighter began the quest for the Orb.
     0 | D:1      | Reached XP level 1. HP: 14/14 MP: 1/1
   160 | D:1      | Reached XP level 2. HP: 17/19 MP: 2/2
   693 | D:1      | Reached XP level 3. HP: 23/23 MP: 3/3
  1093 | D:2      | Reached XP level 4. HP: 29/29 MP: 4/4
  1655 | D:2      | Found a bloodstained altar of Trog.
  2129 | D:4      | Noticed Edmund
  2134 | D:3      | Slain by a killer bee

Vault maps used:
D:1:      tarquinn_simple_flora_water_b
D:2:      lightli_temple_of_fire
D:3:      chequers_ecumenical_altar_simple, uniq_terence
D:4:      lemuel_crystal_altar, lemuel_blue_sif_altar, minmay_temple_entry_hall,
          serial_shops, shop, shop_statue, st_stairs_3, uniq_natasha,
          uniq_edmund

Skill      XL: |  1  2  3 |
---------------+----------+-----
Maces & Flails | 3 |  3.3
Fighting       | |  3.9
Armour         | |  3.9
Shields        | |  3.8

Action                   |  1- 3 |  4- 6 || total
-------------------------+-------+-------++-------
Melee: Flail             |    89 |       ||    89
       Whip              |    31 |   101 ||   132
  Eat: Chunk             |     1 |     3 ||     4
Armor: Scale mail        |    69 |    67 ||   136
Dodge: Dodged            |    34 |    45 ||    79
Block: Shield            |    65 |    45 ||   110

Table legend:
 A = Spawn XP
 B = Non-spawn XP
 C = Spawn XP percentage of total XP
 D = Spawn monster count
 E = Non-spawn monster count
 F = Spawn count percentage of total count
 G = Total turns spent on level
                    A         B        C        D         E        F      G
               +---------+---------+-------+---------+---------+-------+---------
         Total |       0 |     141 |   0.0 |       0 |      60 |   0.0 |  2134
               +---------+---------+-------+---------+---------+-------+---------
           D:1 |       0 |      43 |   0.0 |       0 |      24 |   0.0 |  1005
           D:2 |       0 |      79 |   0.0 |       0 |      24 |   0.0 |   842
           D:3 |       0 |      19 |   0.0 |       0 |      12 |   0.0 |   282
               +---------+---------+-------+---------+---------+-------+---------
